 Dungeon Crawl Stone Soup version 0.31-a0-1540-g5a0b83f448 (webtiles) character file.

Game seed: 18356712290308794842

90489 flord the Severer (level 15, -13/134 HPs)
             Began as a Minotaur Fighter on Jan 1, 2024.
             Was the Champion of Okawaru.
             Killed from afar by a raiju (18 damage)
             ... with a living lightning
             ... on level 3 of the Abyss.
             The game lasted 01:23:24 (26597 turns).

flord the Severer (Minotaur Fighter)               Turns: 26597, Time: 01:23:24

Health: -13/134    AC: 25    Str: 38      XL:     15   Next: 52%
Magic:  13/23      EV:  8    Int:  2 (3)  God:    Okawaru [******]
Gold:   2204       SH: 16    Dex:  9      Spells: 14/14 levels left

rFire   . . .        n - +3 broad axe (venom)
rCold   + . .        H - +0 kite shield
rNeg    . . .        J - +0 plate armour
rPois   .            r - +1 hat of Hangman {rC+ Str+3 Int-2 Slay+3}
rElec   .            c - +2 cloak
rCorr   +            p - +2 pair of gloves
SInv    .            (no boots)
Will    +....        j - amulet of regeneration Stlth
                     W - ring "Naddaguep" {rCorr Slay+5}
HPRegen 1.22/turn    m - +6 ring of strength
MPRegen 0.18/turn

%: no passive effects
@: no status effects
A: horns 2, retaliatory headbutt, large bone plates 1, deterioration 1, sense
surroundings 1, no potion heal 1
a: Renounce Religion, Heroism, Finesse, Duel


You were on level 3 of the Abyss.
You worshipped Okawaru.
Okawaru was exalted by your worship.
You visited 3 branches of the dungeon, and saw 21 of its levels.
You visited the Abyss 2 times.

You collected 2204 gold pieces.

Inventory:

Hand Weapons
 n - a +3 broad axe of venom (weapon)
Missiles
 k - 28 boomerangs (quivered)
 t - 4 atropa-tipped darts
Armour
 c - a +2 cloak (worn)
 p - a +2 pair of gloves (worn)
 r - the +1 hat of Hangman (worn) {rC+ Str+3 Int-2 Slay+3}
   (Okawaru gifted it to you on level 3 of the Lair of Beasts)

   Str+3:     It affects your strength (+3).
   Int-2:     It affects your intelligence (-2).
   Slay+3:    It affects your accuracy & damage with ranged weapons and melee
   (+3).
   rC+:       It protects you from cold.
 H - a +0 kite shield (worn)
 J - a +0 plate armour (worn)
Jewellery
 b - a ring of willpower
 j - an amulet of regeneration (around neck)
 m - a +6 ring of strength (right hand)
 q - a +6 ring of intelligence
 w - a ring of resist corrosion
 y - a +6 ring of dexterity
 z - an amulet of the acrobat
 K - an amulet of magic regeneration
 P - a ring of positive energy
 Q - a ring of protection from cold
 S - an amulet of reflection
 W - the ring "Naddaguep" (left hand) {rCorr Slay+5}
   (You found it on level 15 of the Dungeon)

   [ring of resist corrosion]

   Slay+5:    It affects your accuracy & damage with ranged weapons and melee
   (+5).
   rCorr:     It protects you from acid and corrosion.
Wands
 d - a wand of flame (11)
 e - a wand of polymorph (14)
 A - a wand of digging (15)
 B - a wand of light (5)
 C - a wand of charming (21)
 V - a wand of mindburst (10)
Scrolls
 a - 2 scrolls of immolation
 f - 3 scrolls of poison
 g - a scroll of fear
 o - 2 scrolls of silence
 s - 15 scrolls of identify
 v - 3 scrolls of teleportation
 F - 2 scrolls of fog
 O - a scroll of amnesia
 R - a scroll of vulnerability
Potions
 i - a potion of enlightenment
 l - 4 potions of brilliance
 u - 2 potions of magic
 x - 5 potions of cancellation
 D - 2 potions of haste
 E - a potion of berserk rage {unknown}
 G - 2 potions of attraction {unknown}
 I - 3 potions of curing
 L - 2 potions of mutation
 M - 4 potions of might
 N - a potion of invisibility {unknown}
 U - a potion of experience {unknown}


   Skills:
 * Level 12.5 Fighting
 - Level 18.0 Axes
 - Level 16.1 Armour
 - Level 14.4 Shields
 - Level 12.8 Invocations


You had 14 spell levels left.
You didn't know any spells.
Your spell library contained the following spells:

 Spells                   Type           Power      Damage    Failure   Level
 Apportation              Tloc           0%         N/A       97%         1
 Necrotise                Necr           0%         1d4       97%         1
 Shock                    Conj/Air       0%         1d3       97%         1
 Slow                     Hex            0%         N/A       97%         1
 Mercury Vapours          Alch/Air       0%         N/A       99%         2
 Dazzling Flash           Conj/Hex       0%         N/A       100%        3
 Inner Flame              Hex/Fire       0%         N/A       100%        3
 Mephitic Cloud           Conj/Alch/Air  0%         N/A       100%        3
 Sigil of Binding         Hex            0%         N/A       100%        3
 Swiftness                Air            0%         N/A       100%        3
 Vampiric Draining        Necr           0%         2d6       100%        3
 Volatile Blastmotes      Fire/Tloc      0%         2d10      100%        3
 Airstrike                Air            0%         2d(0-16)  100%        4
 Brom's Barrelling Bould  Conj/Erth      0%         2d3       100%        4
 Dimensional Bullseye     Hex/Tloc       0%         N/A       100%        4
 Olgreb's Toxic Radiance  Alch           0%         N/A       100%        4
 Borgnjor's Vile Clutch   Necr/Erth      0%         N/A       100%        5
 Curse of Agony           Necr           0%         N/A       100%        5
 Fireball                 Conj/Fire      0%         3d3       100%        5
 Freezing Cloud           Conj/Ice/Air   0%         6-21      100%        5
 Irradiate                Conj/Alch      0%         3d11      100%        5
 Iskenderun's Battlesphe  Conj           0%         2d6       100%        5
 Silence                  Hex/Air        0%         N/A       100%        5
 Conjure Ball Lightning   Conj/Air       0%         3x3d6     100%        6
 Starburst                Conj/Fire      0%         6d3       100%        6
 Orb of Destruction       Conj           0%         9d5       100%        7
 Ozocubu's Refrigeration  Ice            0%         4d7       100%        7
 Discord                  Hex            0%         N/A       100%        8
 Ignition                 Fire           0%         3d3       100%        8
 Maxwell's Capacitive Co  Air            0%         ∞         100%        8
 Polar Vortex             Ice            0%         N/A       100%        9
 Call Canine Familiar     Summ           Unusable   N/A       N/A         3
 Animate Dead             Necr           Unusable   N/A       N/A         4
 Martyr's Knell           Necr/Summ      Unusable   N/A       N/A         4
 Death Channel            Necr           Unusable   N/A       N/A         6
 Sculpt Simulacrum        Ice/Alch       Unusable   N/A       N/A         6

Dungeon Overview and Level Annotations

Branches:
Dungeon (15/15)            Temple (1/1) D:7            Lair (5/5) D:11
 Shoals (0/4) Lair:2       Spider (0/4) Lair:2        Slime (0/5) Lair:5
    Orc (0/2) D:10         Vaults (0/5) D:14
 Depths: D:15

Altars:
Ashenzari
Cheibriados
Dithmenos
Elyvilon
Fedhas
Gozag
Hepliaklqana
Kikubaaqudgha
Makhleb
Nemelex Xobeh
Okawaru
Qazlal
Ru
Sif Muna
Trog
Uskayaw
Vehumet
Wu Jian
Xom
Yredelemnul
Zin
The Shining One
Jiyva

Shops:
D:3 [   D:11 *

Portals:
Trove: D:14 (give +8 demon blade)

Annotations:
D:4 1 runed translucent door, Crazy Yiuf
D:5 1 runed translucent door, pigah's ghost, novice OpSh
D:8 Jeremiah
D:15 Louise


Innate Abilities, Weirdness & Mutations

You have a pair of horns on your head.
You reflexively headbutt those who attack you in melee.
You are partially covered in large bone plates. (SH +4)
Your body sometimes deteriorates upon taking damage.
You passively map a small area around you.
Potions are less effective at restoring your health.


Message History

* * * LOW HITPOINT WARNING * * *
The water elemental engulfs you in water!
The raiju bites you but does no damage. The large abomination hits you!
* * * LOW HITPOINT WARNING * * *
Found a corrupted altar of Lugonu.
Your system partially rejects the healing.
You feel better.
* * * LOW HITPOINT WARNING * * *
Your lungs strain for air!
You block the water elemental's attack.
The tengu reaver skeleton barely misses you.
The tengu reaver skeleton pecks you but does no damage.
The tengu reaver skeleton claws you but does no damage.
The large abomination hits you but does no damage.
You block the raiju's attack.
You cannot read scrolls while unable to breathe!
You slip free of the water engulfing you.
You gasp with relief as air once again reaches your lungs.
The tengu reaver skeleton hits you.
* * * LOW HITPOINT WARNING * * *
The tengu reaver skeleton pecks you but does no damage.
You block the tengu reaver skeleton's attack.
There is a large open door here.
Okay, then.
Blink to where?
Press: ? - help, Dir - move target
As you read the scroll of blinking, it crumbles to dust.
Okawaru accepts your kill.
You feel a bit more experienced.
A white imp comes into view.
The white imp gestures at you.
The puff of frost hits you but does no damage.
The raiju bursts into living lightning!
The living lightning hits you.
* * * LOW HITPOINT WARNING * * *
The raiju blinks! x2
The raiju bursts into living lightning!
The living lightning hits the raiju.
The raiju completely resists.
The living lightning hits you!!
You die...

..#.#+#§'#≈.#...
#....≈E†∩≈≈..#
#....hZX†##.##
##....§......# #
#.....#.######
#. #. ...#.....
.. #..
#.#...†... . ..
#...##h...### #
# #.@###†###
##..# . .
#.##.##. ##.#.
#. .## # ## .# .
.# .5 # . ## .#
# ## # . # #.


You could see a large abomination, a water elemental, 2 raiju, a white imp and a
tengu reaver skeleton.

Vanquished Creatures
  2 tentacled starspawn (Abyss:3)
  2 very ugly things (Abyss:2)
  3 starcursed masses
  Fannar (Lair:2)
  A great orb of eyes (D:15)
  4 vault guards (D:13)
  Harold (D:11)
  3 hydras
  A catoblepas (D:13)
  A merfolk avatar (Lair:5)
  3 boulder beetles
  2 death knights
  4 two-headed ogres
  4 centaur warriors
  2 tengu warriors
  A death yak (Lair:5)
  4 thrashing horrors
  2 sun demons (Abyss:2)
  A sixfirhy (Abyss:2)
  A skeletal warrior (D:14)
  3 skysharks
  A sea snake (Lair:5)
  3 large abominations
  An arcanist (D:13)
  2 deep elf pyromancers
  A harpy (shapeshifter) (D:15)
  A harpy (Lair:5)
  4 cyclopes
  13 ugly things
  5 meliai
  4 manticores
  4 elephants (Lair:2)
  3 torpor snails (Lair:5)
  11 cane toads
  5 black mambas
  A cane toad (shapeshifter) (D:13)
  4 smoke demons
  A rime drake (shapeshifter) (D:12)
  3 gargoyles
  8 rime drakes
  15 komodo dragons
  A tengu conjurer (D:12)
  2 freezing wraiths (D:13)
  2 trolls
  3 ancient zymes
  A polar bear (Lair:3)
  5 hornets
  Grinder (D:5)
  19 blink frogs
  6 raiju (Abyss:3)
  4 shadows
  A snapping turtle (Lair:5)
  10 slime creatures
  7 wyverns
  A water elemental (D:11)
  3 ynoxinuls (Abyss:2)
  6 wraiths
  6 basilisks
  50 yaks
  2 steam dragons (Lair:5)
  A human (D:5)
  11 vampire mosquitoes
  Menkaure (D:5)
  A neqoxec (Abyss:2)
  3 chaos spawn
  Edmund (D:4)
  6 small abominations
  2 acid dragons
  15 water moccasins
  3 sky beasts
  Duvessa (D:5)
  4 hell hounds (Abyss:2)
  6 orc warriors
  5 ice beasts
  An ogre (D:7)
  A black bear (D:5)
  9 wolves
  A laughing skull (Abyss:2)
  5 centaurs
  A phantom (D:5)
  2 kobold brigands
  11 bullfrogs
  4 weeping skulls
  2 brain worms (Abyss:3)
  4 scorpions
  A gnoll sergeant (D:7)
  An elf skeleton (D:6)
  2 earth elementals
  4 wights (D:8)
  Dowan (D:5)
  8 killer bees
  3 howler monkeys
  5 electric eels
  2 jellies (Lair:5)
  A human zombie (D:6)
  5 hounds
  4 orc priests
  2 iron imps (Abyss:2)
  A sleepcap (D:6)
  Jessica (D:2)
  Natasha (thrice) (D:2)
  3 gnoll boudas
  11 orc wizards
  A hound zombie (D:3)
  21 gnolls
  7 adders
  A white imp (D:5)
  3 ufetubi
  53 orcs
  8 endoplasms
  3 giant cockroaches
  6 goblins
  7 hobgoblins
  7 jackals
  19 kobolds
  3 quokkas
  6 ball pythons
  A ball python zombie (D:3)
  2 bats (D:1)
  4 frilled lizards (D:2)
  3 orc skeletons (D:6)
  An orc zombie (D:6)
  4 rats
585 creatures vanquished.

Vanquished Creatures (others)
  A very ugly thing (Abyss:2)
  A lurking horror (Abyss:2)
  2 starspawn tentacles (Abyss:3)
4 creatures vanquished.

Grand Total: 589 creatures vanquished

Notes
Turn   | Place    | Note
-------+----------+-------------------------------------------
     0 | D:1      | flord the Minotaur Fighter began the quest for the Orb.
     0 | D:1      | Reached XP level 1. HP: 19/19 MP: 0/0
   109 | D:1      | Reached skill level 3 in Axes
   113 | D:1      | Reached XP level 2. HP: 19/26 MP: 1/1
   569 | D:1      | Reached skill level 4 in Axes
   749 | D:2      | Reached XP level 3. HP: 31/31 MP: 2/2
   812 | D:2      | Noticed Jessica
   819 | D:2      | Killed Jessica
   820 | D:2      | Reached skill level 5 in Axes
   824 | D:2      | Noticed Natasha
   832 | D:2      | Killed Natasha
   833 | D:2      | Reached XP level 4. HP: 39/39 MP: 3/3
   938 | D:2      | Noticed Natasha
   954 | D:2      | Killed Natasha
   955 | D:2      | Reached skill level 6 in Axes
   960 | D:2      | Noticed Natasha
   971 | D:2      | Killed Natasha
   972 | D:2      | Reached XP level 5. HP: 41/45 MP: 4/4
  1609 | D:3      | Found a hide-covered altar of Uskayaw.
  1869 | D:3      | Found a broken altar of Ashenzari.
  1990 | D:3      | Found a basalt altar of Yredelemnul.
  2024 | D:3      | Found a glowing silver altar of Zin.
  2041 | D:3      | Reached skill level 7 in Axes
  2115 | D:3      | Found Woemmunemo's Antique Armour Emporium.
  2469 | D:4      | Reached XP level 6. HP: 51/51 MP: 5/5
  2512 | D:4      | Noticed Edmund
  2527 | D:4      | Killed Edmund
  2528 | D:4      | Reached skill level 8 in Axes
  2816 | D:4      | Found a runed translucent door.
  2817 | D:4      | Noticed Crazy Yiuf
  3033 | D:5      | Entered Level 5 of the Dungeon
  3033 | D:5      | Noticed a troll
  3064 | D:5      | Noticed Grinder
  3075 | D:5      | Killed Grinder
  3076 | D:5      | Reached skill level 9 in Axes
  3076 | D:5      | Reached XP level 7. HP: 40/57 MP: 6/6
  3120 | D:5      | Found an ornate altar of the Wu Jian Council.
  3211 | D:5      | Reached skill level 10 in Axes
  3573 | D:5      | Reached skill level 5 in Armour
  3617 | D:5      | Found a runed translucent door.
  3622 | D:5      | Noticed pigah's ghost (novice OpSh)
  3738 | D:5      | Noticed Menkaure
  3743 | D:5      | Killed Menkaure
  3744 | D:5      | Reached XP level 8. HP: 64/64 MP: 7/7
  3880 | D:5      | a troll changed into a human
  3925 | D:5      | Noticed Duvessa
  3925 | D:5      | Noticed Dowan
  3954 | D:5      | Killed Duvessa
  3955 | D:5      | Killed Dowan
  4547 | D:6      | You fall into a shaft and drop 3 floors!
  4567 | D:9      | Reached skill level 10 in Armour
  4735 | D:9      | Identified the +1 dagger of Enumoxu {flame, Int+3}
  4786 | D:8      | Reached XP level 9. HP: 65/70 MP: 8/8
  5096 | D:7      | Found a snail-covered altar of Cheibriados.
  5174 | D:7      | Got Uguedah's Incantation, Part One
  5230 | D:6      | Reached skill level 5 in Shields
  6115 | D:6      | Gained mutation: Potions are less effective at restoring
                  | your health. [potion of mutation]
  6115 | D:6      | Gained mutation: You passively map a small area around you.
                  | [potion of mutation]
  6115 | D:6      | Gained mutation: You are partially covered in large bone
                  | plates. (SH +4) [potion of mutation]
  6513 | D:7      | Found a staircase to the Ecumenical Temple.
  6522 | Temple   | Entered the Ecumenical Temple
  6532 | Temple   | Became a worshipper of Warmaster Okawaru
  6913 | D:8      | Noticed a two-headed ogre
  6921 | D:8      | Killed a two-headed ogre
  6921 | D:8      | Reached * piety under Okawaru
  6922 | D:8      | Reached skill level 10 in Shields
  6922 | D:8      | Reached XP level 10. HP: 15/77 MP: 9/9
  7419 | D:8      | Reached ** piety under Okawaru
  8008 | D:8      | Identified the +0 long sword of Immorality {speed, rF+}
  8286 | D:8      | Noticed Jeremiah
  9100 | D:9      | Reached *** piety under Okawaru
  9627 | D:9      | Reached **** piety under Okawaru
  9842 | D:10     | Entered Level 10 of the Dungeon
 10182 | D:10     | Reached XP level 11. HP: 70/85 MP: 10/10
 10687 | D:10     | Reached skill level 5 in Fighting
 10902 | D:10     | Found a staircase to the Orcish Mines.
 11049 | D:11     | Reached ***** piety under Okawaru
 11109 | D:11     | Found a staircase to the Lair.
 11325 | D:11     | Received a gift from Okawaru
 11672 | D:11     | Found Hunkunoz's Pet Rocks.
 11706 | D:11     | Reached skill level 10 in Fighting
 11826 | D:11     | Noticed Harold
 11831 | D:11     | Killed Harold
 12961 | D:12     | Reached skill level 5 in Invocations
 13233 | D:12     | Noticed a boulder beetle
 13282 | D:12     | Killed a boulder beetle
 13282 | D:12     | Received a gift from Okawaru
 13657 | D:12     | Noticed a two-headed ogre
 13665 | D:12     | Killed a two-headed ogre
 13666 | D:12     | Reached XP level 12. HP: 106/106 MP: 14/16
 13717 | D:12     | Noticed a tengu warrior
 14086 | D:12     | Killed a tengu warrior
 14423 | D:13     | Noticed a centaur warrior
 14489 | Lair:1   | Entered Level 1 of the Lair of Beasts
 14496 | Lair:1   | Received a gift from Okawaru
 14865 | Lair:1   | Identified the +2 long sword of the Forgotten Xalams
                  | {freeze, Will++ Int+3 Dex+5}
 14897 | Lair:1   | Found a sparkling altar of Nemelex Xobeh.
 15551 | Lair:2   | Noticed Fannar
 15669 | Lair:2   | Reached skill level 10 in Invocations
 15690 | Lair:2   | Received a gift from Okawaru
 16063 | Lair:2   | Found a hole to the Spider Nest.
 16079 | Lair:2   | Killed Fannar
 16385 | Lair:2   | Received a gift from Okawaru
 16780 | Lair:2   | Found a staircase to the Shoals.
 17788 | Lair:2   | Reached XP level 13. HP: 103/113 MP: 21/21
 18494 | Lair:3   | Reached skill level 11 in Axes
 18874 | Lair:4   | Received a gift from Okawaru
 18946 | Lair:4   | Noticed Nessos
 18950 | Lair:4   | Reached ****** piety under Okawaru
 19192 | Lair:3   | Acquired a +3 broad axe of venom
 19192 | Lair:3   | Received a gift from Okawaru
 19197 | Lair:3   | Acquired the +1 hat of Hangman {rC+ Str+3 Int-2 Slay+3}
 19197 | Lair:3   | Received a gift from Okawaru
 19446 | Lair:4   | Nessos changed into Nessos the troll
 19446 | Lair:4   | Noticed Nessos
 19457 | Lair:4   | Killed Nessos the troll
 19721 | Lair:4   | Reached skill level 12 in Axes
 20520 | Lair:5   | Entered Level 5 of the Lair of Beasts
 20534 | Lair:4   | Reached skill level 13 in Axes
 20640 | Lair:5   | Received a gift from Okawaru
 20786 | Lair:5   | Reached skill level 14 in Axes
 20786 | Lair:5   | Paralysed by a hornet for 1 turns
 21099 | Lair:5   | HP: 1/113 [skyshark (17)]
 21501 | Lair:5   | Received a gift from Okawaru
 21569 | Lair:5   | Reached skill level 15 in Axes
 21728 | Lair:5   | Found a snail-covered altar of Cheibriados.
 21800 | Lair:5   | Received a gift from Okawaru
 22078 | Lair:5   | Reached XP level 14. HP: 121/121 MP: 22/22
 22121 | Lair:5   | Reached skill level 16 in Axes
 22305 | Lair:5   | Found a viscous altar of Jiyva.
 22375 | Lair:5   | Found a staircase to the Slime Pits.
 22917 | Lair:5   | Identified a scroll of acquirement
 22917 | Lair:5   | Acquired 830 gold pieces
 23196 | D:13     | Reached skill level 17 in Axes
 23765 | D:13     | Received a gift from Okawaru
 24136 | D:14     | Reached skill level 18 in Axes
 24317 | D:13     | Received a gift from Okawaru
 24616 | D:14     | Found a gate to the Vaults.
 24670 | D:14     | Found a portal to a secret trove of treasure.
 25194 | D:15     | Entered Level 15 of the Dungeon
 25206 | D:15     | Received a gift from Okawaru
 25367 | D:15     | Identified the ring "Naddaguep" {rCorr Slay+5}
 25565 | D:15     | Reached XP level 15. HP: 113/126 MP: 23/23
 25579 | D:15     | Reached skill level 15 in Armour
 25739 | D:15     | Noticed Louise
 25740 | Abyss:2  | Cast into level 2 of the Abyss (Louise)
 25967 | Abyss:2  | Received a gift from Okawaru
 26101 | Abyss:2  | Gained mutation: Your body sometimes deteriorates upon
                  | taking damage. [a neqoxec]
 26136 | Abyss:2  | HP: 2/128 [brain worm/psychic fangs (7)]
 26184 | D:15     | Escaped the Abyss
 26396 | Abyss:3  | Cast into level 3 of the Abyss (Louise)
 26464 | Abyss:3  | Received a gift from Okawaru
 26527 | Abyss:3  | Noticed a tentacled starspawn
 26532 | Abyss:3  | Killed a tentacled starspawn
 26552 | Abyss:3  | Noticed a tentacled starspawn
 26558 | Abyss:3  | Killed a tentacled starspawn
 26593 | Abyss:3  | Found a corrupted altar of Lugonu.
 26593 | Abyss:3  | Noticed a tentacled starspawn
 26594 | Abyss:3  | HP: 5/134 [drowned by a water elemental (5)]
 26597 | Abyss:3  | Killed from afar by a raiju

Illustrated notes

Levels and vault maps discovered:
D:1:      spicycebolla_arrival_transporter_tutorial, layout_loops_cross,
          chequers_serial_rivers_room_a, minmay_misc_feat_more_columns,
          due_unseen_surprise
D:2:      layout_basic, uniq_jessica, uniq_natasha
D:3:      layout_basic, mainiacjoe_overflow_swirl, old_standard_altar,
          lemuel_zombie_altar_yredelemnul, serial_shops,
          nicolae_shop_behind_doors
D:4:      layout_rooms, uniq_crazy_yiuf_cottage, uniq_edmund
D:5:      layout_layer_cave, nicolae_wu_jian_wuxing_cycle,
          ebering_ghost_reflecting_pool, reono_crystal_passage, uniq_menkaure,
          uniq_grinder, uniq_duvessa
D:6:      kennysheep_six_static_rooms, layout_gridville,
          nicolae_ossuary_entry_catacombs, roderic_roman_lattice,
          minmay_misc_feat_secret_circle
D:7:      layout_basic, cheibriados_altar_1, lemuel_temple_firewalk_b,
          kennysheep_flooded_box
D:8:      layout_basic, uniq_jeremiah
D:9:      layout_roguey, minmay_statues_item
D:10:     hellmonk_crumbling_castle, layout_long_grid, hiddenorc2_lemuel
D:11:     layout_grid_maze, erik_lair_island, grunt_ministairs_3,
          guppyfry_shop_earth, uniq_harold
D:12:     layout_stronghold, serial_glass, glass_columns_a, glass_columns_a
D:13:     layout_loops_ring, minmay_misc_feat_tower
D:14:     layout_rooms, lightli_vaults_fourway_checkpoint, roderic_malta_cross,
          serial_aquarium, aquarium_bridge_square [aquarium_subvault_bridge,
          aquarium_subvault_wall, aquarium_subvault_wall,
          aquarium_subvault_bridge], aquarium_window_corner, aquarium_window_3,
          aquarium_window_1, aquarium_window_2, aquarium_view_2c,
          aquarium_view_2g, aquarium_balcony_5b, aquarium_pool_five,
          enter_trove_3
D:15:     gammafunk_enter_depths_forms, layout_irregular_city,
          serial_library_hellmonk_angled_corner, minmay_misc_feat_five,
          uniq_louise
Temple:   nicolae_temple_x_marks_the_god
Lair:1:   layout_chaotic_city, basic_altar, grunt_megastairs_3
Lair:2:   layout_gridlike, mainiacjoe_shoals_entry_four_pools,
          hellmonk_spider_entry_not_the_bees, serial_bayou_pond_e, uniq_fannar
Lair:3:   layout_regular_city
Lair:4:   layout_long_grid, serial_bayou_shore_a, grunt_megastairs_1,
          uniq_nessos
Lair:5:   gammafunk_lair_ancient_temple, layout_regular_city, slime_entry_2,
          kennysheep_snail_temple
Abyss:3:  base: D:2, evilmike_abyss_exit_16, hangedman_abyss_overflow_altar

Skill      XL: |  1  2  3  4  5  6  7  8  9 10 11 12 13 14 15 |
---------------+----------------------------------------------+-----
Axes           | 3 4 5 6 7 9 10 15 18 | 18.0
Armour         | 6 11 14 16 | 16.1
Shields        | 10 14 | 14.4
Fighting       | 4 10 12 | 12.5
Invocations    | 6 12 | 12.8

Action                     |  1- 3 |  4- 6 |  7- 9 | 10-12 | 13-15 || total
---------------------------+-------+-------+-------+-------+-------++-------
  Melee: War axe           |    53 |    98 |   230 |   764 |    96 ||  1241
         Headbutt          |     8 |    10 |    42 |   148 |   192 ||   400
         Unarmed           |       |    17 |       |       |       ||    17
         Broad axe         |       |       |       |       |   640 ||   640
  Throw: Boomerang         |       |       |     1 |    17 |     2 ||    20
 Invoke: Heroism           |       |       |       |     3 |     1 ||     4
         Receive Weapon    |       |       |       |       |     1 ||     1
         Receive Armour    |       |       |       |       |     1 ||     1
  Evoke: Wand              |       |     8 |    12 |     9 |     5 ||    34
    Use: Scroll            |       |     8 |     1 |     9 |     8 ||    26
         Potion            |       |     7 |     1 |     4 |     5 ||    17
   Stab: Confused          |       |     1 |       |       |       ||     1
 Armour: Scale mail        |    36 |    64 |   135 |    93 |       ||   328
         Skin              |       |    14 |    13 |       |    17 ||    44
         Plate armour      |       |       |       |   378 |   564 ||   942
  Dodge: Dodged            |    26 |    66 |    96 |   175 |   217 ||   580
  Block: Buckler           |    10 |    18 |    55 |    67 |       ||   150
         Kite shield       |       |       |       |   530 |   584 ||  1114
         Reflection        |       |       |       |       |    12 ||    12

Table legend: (Time is in decaauts)
 A = Elapsed time spent in this place.
 B = Non-inter-level travel time spent in this place.
 C = Inter-level travel time spent in this place.
 D = Time resting spent in this place.
 E = Time spent auto-exploring this place.
 F = Levels seen in this place.
 G = Mean time per level.
                   A        B        C        D        E       F      G
               +--------+--------+--------+--------+--------+-----+--------+
         Total |  26709 |  25144 |   1565 |   6791 |  12774 |  23 | 1161.3 |
       Dungeon |  17444 |  16359 |   1085 |   3660 |   9158 |  15 | 1162.9 |
        Temple |     20 |     11 |      9 |      0 |      0 |   1 |   20.0 |
          Lair |   8640 |   8170 |    470 |   3004 |   3593 |   5 | 1728.0 |
         Abyss |    604 |    604 |      0 |    127 |     22 |   2 |  302.0 |
               +--------+--------+--------+--------+--------+-----+--------+

Top non-repeatable levels by time:
  Lair:5: 2080 daAuts
  Lair:2: 2074 daAuts
    D:11: 1948 daAuts
  Lair:4: 1622 daAuts
    D:12: 1601 daAuts
  Lair:3: 1596 daAuts
     D:8: 1568 daAuts
     D:7: 1519 daAuts
     D:5: 1398 daAuts
  Lair:1: 1265 daAuts
    D:13: 1253 daAuts
    D:10: 1175 daAuts
     D:9: 1067 daAuts
    D:14: 1017 daAuts
     D:6: 1014 daAuts
